AoeStats
← Green Assassin

Black Forest

503224912Analyzed
4v4 RM · 1mo ago on Aug 30, 2026· 49m 4s· 8 players
Game mode
Random Map
Map size
Large (8 player)
Population
200
Speed
Normal
Resources
Standard
Victory
Conquest
Starting age
Dark Age
Ending age
Imperial Age
RankedLock teamsTeams togetherTeam positionsShared explorationLock speedFull tech treeHidden civsTurbo modeCheats
Victory
Defeat
🇦🇷 Huns · Argentina
1325
+11
🇳🇴 Tupi · Norway
1288
+13
🇩🇪 Malians · Germany
1240
+15
🇺🇸 Shu · United States
1225
+16
🇹🇼 Poles · Taiwan
1266
-16
🇮🇳 Koreans · India
1244
-15
🇮🇳 Gurjaras · India
1231
-14
🇮🇳 Portuguese · India
1149
-11
genehung9
1:40 Loom
13:04 Feudal Age
13:47 Town Watch
13:50 Double-Bit Axe
13:46 Horse Collar
16:35 Fletching
21:47 Castle Age
22:00 Scale Barding Armor
22:05 Forging
21:53 Gold Mining
23:21 Wheelbarrow
23:32 Bloodlines
23:37 Bow Saw
31:45 Imperial Age
29:19 Gold Mining
30:22 Heavy Plow
30:15 Stone Mining
31:01 Husbandry
32:28 Szlachta Privileges
31:54 Cavalier
31:58 Light Cavalry
32:06 Pikeman
32:47 Squires
32:49 Scale Mail Armor
36:06 Hand Cart
36:29 Iron Casting
37:32 Chain Barding Armor
37:48 Iron Casting
37:41 Masonry
38:29 Bodkin Arrow
38:58 Ballistics
38:47 Siege Engineers
39:28 Conscription
40:58 Chain Mail Armor
41:46 Blast Furnace
42:29 Winged Hussar
44:19 Plate Mail Armor
44:02 Bracer
jay_jadon
0:40 Loom
6:05 Loom
12:26 Feudal Age
15:20 Wheelbarrow
17:37 Castle Age
15:35 Double-Bit Axe
16:30 Horse Collar
21:36 Bow Saw
24:24 Heavy Plow
28:35 Hand Cart
33:24 Imperial Age
31:32 Gold Mining
31:51 Padded Archer Armor
31:41 Fletching
32:23 Ballistics
31:54 Heated Shot
32:28 Heated Shot
32:36 Murder Holes
32:52 Fortified Wall
35:15 Chemistry
35:31 Masonry
39:59 Conscription
39:45 Arquebus
41:51 Bodkin Arrow
42:12 Leather Archer Armor
41:35 Pikeman
43:03 Halberdier
45:55 Bracer
46:07 Forging
45:57 Scale Mail Armor
k10_g15
6:38 Loom
11:50 Feudal Age
12:52 Double-Bit Axe
15:42 Castle Age
13:45 Horse Collar
15:26 Bloodlines
15:30 Forging
21:23 Husbandry
26:25 Bow Saw
26:53 Heavy Plow
29:46 Wheelbarrow
29:15 Stone Mining
29:37 Gold Mining
31:22 Hand Cart
35:19 Imperial Age
33:37 Scale Mail Armor
35:03 Iron Casting
35:18 Chain Mail Armor
36:29 Conscription
37:20 Plate Mail Armor
37:20 Elite Chakram Thrower
38:07 Fletching
38:03 Treadmill Crane
38:33 Masonry
39:25 Kshatriyas
41:14 Hoardings
41:11 Caravan
41:42 Coinage
41:36 Bodkin Arrow
41:59 Padded Archer Armor
42:04 Scale Barding Armor
42:25 Ballistics
42:39 Architecture
43:18 Frontier Guards
44:13 Crop Rotation
44:00 Leather Archer Armor
45:13 Thumb Ring
45:17 Elite Elephant Archer
46:02 Town Watch
46:19 Bracer
46:40 Chain Barding Armor
48:42 Chain Barding Armor
abhishekchopra.ubs
0:31 Loom
13:25 Feudal Age
17:01 Castle Age
17:53 Double-Bit Axe
17:50 Horse Collar
18:04 Gold Mining
26:31 Caravan
29:57 Fortified Wall
39:01 Imperial Age
38:45 Scale Mail Armor
38:56 Forging
42:30 Bow Saw
44:26 Heavy Rocket Cart
Green Assassin
0:26 Loom
13:06 Feudal Age
18:34 Castle Age
16:40 Double-Bit Axe
17:32 Horse Collar
21:20 Wheelbarrow
21:13 Scale Mail Armor
28:19 Gold Mining
28:43 Bow Saw
28:35 Heavy Plow
32:37 Imperial Age
30:36 Fortified Wall
31:39 Squires
30:59 Pikeman
31:25 Arson
32:21 Masonry
33:42 Gold Shaft Mining
32:58 Stone Mining
33:28 Chain Mail Armor
33:04 Fletching
33:25 Forging
33:42 Conscription
33:25 Farimba
35:03 Chemistry
34:24 Ballistics
34:15 Man-at-Arms
35:43 Bodkin Arrow
36:18 Plate Mail Armor
36:24 Iron Casting
35:50 Padded Archer Armor
36:17 Long Swordsman
37:01 Two-Handed Swordsman
37:59 Leather Archer Armor
38:08 Champion
41:06 Caravan
44:38 Hoardings
48:31 Elite Gbeto
BlueSky
11:24 Feudal Age
12:59 Loom
15:26 Castle Age
13:40 Horse Collar
13:53 Double-Bit Axe
15:38 Stone Mining
15:48 Fletching
27:44 Wheelbarrow
27:11 Heavy Plow
27:24 Bow Saw
27:14 Bodkin Arrow
32:13 Imperial Age
29:23 Champi Runner
30:04 Squires
29:50 Arson
30:53 Caciques
30:47 Champi Warrior
31:59 Hand Cart
32:12 Scale Mail Armor
33:35 Conscription
32:47 Elite Champi Warrior
34:30 Bracer
34:29 Elite Blackwood Archer
35:52 Ballistics
36:33 Chemistry
36:08 Padded Archer Armor
36:25 Chain Mail Armor
37:07 Onager
37:11 Capped Ram
38:10 Curare
38:44 Siege Ram
41:28 Two-Man Saw
40:20 Gold Mining
40:42 Forging
40:50 Leather Archer Armor
40:58 Treadmill Crane
41:52 Plate Mail Armor
42:06 Gold Shaft Mining
41:30 Heavy Scorpion
43:51 Forging
48:18 Caravan
48:14 Elite Ibirapema Warrior
Polaco
9:59 Feudal Age
11:56 Double-Bit Axe
12:04 Horse Collar
16:18 Castle Age
16:47 Scale Barding Armor
16:53 Forging
19:04 Bow Saw
20:45 Wheelbarrow
22:34 Heavy Plow
29:09 Imperial Age
27:03 Gold Mining
27:56 Iron Casting
27:54 Bloodlines
28:22 Town Watch
29:25 Chain Barding Armor
31:03 Chemistry
31:09 Plate Barding Armor
31:14 Hand Cart
30:44 Cavalier
33:45 Blast Furnace
34:33 Conscription
35:07 Gold Shaft Mining
34:17 Paladin
37:05 Husbandry
41:25 Light Cavalry
42:50 Hussar
Treebeard49
2:23 Loom
12:22 Feudal Age
17:08 Castle Age
15:38 Double-Bit Axe
15:36 Horse Collar
15:51 Gold Mining
17:02 Stone Mining
18:08 Bow Saw
19:14 Gold Shaft Mining
27:27 Wheelbarrow
27:19 Fletching
28:20 Arson
35:53 Imperial Age
35:29 Hand Cart
38:37 Two-Man Saw
39:19 Conscription
39:30 Scale Mail Armor
39:41 Forging
39:27 Bodkin Arrow
42:02 Chemistry
41:08 Siege Engineers
41:24 Ballistics
42:43 Heavy Plow
43:38 Squires
43:46 Elite White Feather Guard
45:35 Chain Mail Armor
47:46 Caravan
Connection lost

Rejoining the realm…

Still unreachable

The connection could not be restored.

Session expired

The server has moved on; the page needs a fresh start.